 Dungeon Crawl Stone Soup version 0.31.0-32-g396128a36d (webtiles) character file.

Game seed: 7932329166499472073

67 amanteater the Magician (level 4, 0/34 HPs)
             Began as an Armataur Hedge Wizard on Mar 14, 2024.
             Succumbed to an adder's poison
             ... on level 2 of the Dungeon.
             The game lasted 00:25:58 (1321 turns).

amanteater the Magician (Armataur Hedge Wizard)     Turns: 1321, Time: 00:25:59

Health: 0/34       AC:  4    Str: 16    XL:     4   Next: 0%
Magic:  1/9        EV:  9    Int: 16    God:
Gold:   189        SH:  0    Dex:  9    Spells: 8/9 levels left

rFire   . . .        h - staff of death
rCold   . . .        (no shield)
rNeg    + . .        b - +0 robe
rPois   +            c - melded +0 hat
rElec   .            (cloak currently unavailable)
rCorr   .            (gloves currently unavailable)
SInv    .            (no barding)
Will    .....        (no amulet)
Stlth   ++           k - ring of poison resistance
HPRegen 0.25/turn    (no ring)
MPRegen 0.11/turn

%: roll
@: lethally poisoned (0 -> -4), beast-form, very slightly contaminated
A: beast (slay +0), large, deformed body, tough skin 3, armoured tail, roll 1
a: Begin Untransformation


You were on level 2 of the Dungeon.
You were a hulking beast.
You visited 1 branch of the dungeon, and saw 2 of its levels.

You collected 189 gold pieces.

Inventory:

Hand Weapons
 a - a +0 dagger
 f - a +0 sling
Missiles
 e - 28 stones (quivered)
Armour
 b - a +0 robe (worn)
 c - a +0 hat (melded)
Magical Staves
 h - a staff of death (weapon)
Jewellery
 k - a ring of poison resistance (left hand)
Talismans
 g - a beast talisman (active)
Scrolls
 i - 2 scrolls of identify {unknown}
Potions
 d - a potion of magic
 j - a potion of curing {unknown}


   Skills:
 + Level 0.4 Fighting
 + Level 0.6 Short Blades
 + Level 0.1 Staves
 + Level 0.3 Throwing
 + Level 1.7 Dodging
 + Level 2.5 Stealth
 + Level 3.3 Spellcasting
 + Level 1.5 Conjurations
 + Level 0.7 Summonings
 + Level 1.0 Translocations
 + Level 0.1 Shapeshifting


You had 8 spell levels left.
You knew the following spells:

 Your Spells              Type           Power      Damage    Failure   Level
a - Magic Dart            Conj           28%        1d4       10%         1

Your spell library contained the following spells:

 Spells                   Type           Power      Damage    Failure   Level
 Slow                     Hex            8%         N/A       19%         1
 Blink                    Tloc           10%        N/A       19%         2
 Call Imp                 Summ           10%        N/A       21%         2
 Cigotuvi's Dreadful Rot  Necr/Alch/Air  8%         N/A       26%         2
 Mephitic Cloud           Conj/Alch/Air  4%         N/A       41%         3


Dungeon Overview and Level Annotations

Branches:
Dungeon (2/15)

Altars:

Shops:
D:1 (


Innate Abilities, Weirdness & Mutations

You are a hulking beast.
Your limbs bulge with bestial killing power. (Slay +0)
Armour fits poorly on your strangely shaped body.
You have extremely tough skin. (AC +3)
You have a long armoured tail.
You regenerate magic when rolling toward enemies. (Rampage MPRegen)


Message History

Confirm with . or Enter, or press ? or * to list all spells.
Aiming: Magic Dart (safe; 10% risk of failure)
Press: ? - help, Shift-Dir - straight line, f/p - adder
Aim: an adder (severely wounded, 100% to hit)
You miscast Magic Dart.
You are very lightly contaminated with residual magic.
Nothing appears to happen.
The adder bites you but does no damage. The adder completely misses you.
Casting: Magic Dart (safe; 10% risk of failure)
Confirm with . or Enter, or press ? or * to list all spells.
Aiming: Magic Dart (safe; 10% risk of failure)
Press: ? - help, Shift-Dir - straight line, f/p - adder
Aim: an adder (severely wounded, 100% to hit)
The magic dart hits the adder.
The adder is almost dead.
The adder closely misses you.
Casting: Magic Dart (safe; 10% risk of failure)
Confirm with . or Enter, or press ? or * to list all spells.
Aiming: Magic Dart (safe; 10% risk of failure)
Press: ? - help, Shift-Dir - straight line, f/p - adder
Aim: an adder (severely wounded, 100% to hit)
The magic dart hits the adder.
The adder is almost dead.
The adder bites you.
* * * LOW HITPOINT WARNING * * *
You are lethally poisoned!
The adder poisons you!
Casting: Magic Dart (safe; 10% risk of failure)
Confirm with . or Enter, or press ? or * to list all spells.
Okay, then.
You barely miss the adder.
Your tail-slap misses the adder.
The adder is almost dead.
* * * LOW HITPOINT WARNING * * *
You feel sick. The adder barely misses you. x2
k - a ring of poison resistance (left hand)
* * * LOW HITPOINT WARNING * * *
You feel sick.
You miss the adder.
The adder is almost dead.
You die...

#..........# ##.#...#
#..........#
#####.......###.#
#..........##......#.#####
#.# #..........†..# ###..
#..........#### #....
##........### # #....
##..........## .# #....
###.######..### #.# #....
#.# #hS.###..# #.... #.#
###.....# #....... #.#
########..###...##.... #.#
#......#...^#.# #....
#.###...<....##....#
#..##.......##......
#...÷.......#..#####
#.###.........##### #.#
#.............######


You could see an adder.

Vanquished Creatures
  A hound (D:2)
  3 ball pythons
  5 bats
  2 giant cockroaches (D:1)
  4 hobgoblins (D:1)
  3 jackals (D:2)
  4 kobolds
  3 quokkas
  4 frilled lizards (D:2)
  3 goblins
  3 rats (D:1)
35 creatures vanquished.

Notes
Turn   | Place    | Note
-------+----------+-------------------------------------------
     0 | D:1      | amanteater the Armataur Hedge Wizard began the quest for
                  | the Orb.
     0 | D:1      | Reached XP level 1. HP: 14/14 MP: 4/4
   104 | D:1      | Reached skill level 3 in Spellcasting
   240 | D:1      | Reached XP level 2. HP: 20/20 MP: 0/6
   479 | D:1      | Found Puuwkyno's Weapon Boutique.
   977 | D:2      | Reached skill level 1 in Conjurations
   988 | D:2      | Reached XP level 3. HP: 6/26 MP: 3/7
  1314 | D:2      | Reached XP level 4. HP: 4/34 MP: 5/9
  1319 | D:2      | HP: 1/34 [poisoned by an adder]
  1321 | D:2      | Succumbed to an adder's poison

Illustrated notes

Levels and vault maps discovered:
D:1:      giann_wishing_wells, layout_rooms, serial_shops, shop,
          minmay_gold_behind_fungi, fountainhead
D:2:      layout_rooms

Skill      XL: |  1  2 |
---------------+-------+-----
Spellcasting   | 3 |  3.3
Conjurations   | 1 |  1.5
Fighting       | |  0.4
Short Blades   | |  0.6
Staves         | |  0.1
Throwing       | |  0.3
Dodging        | |  1.7
Stealth        | |  2.5
Summonings     | |  0.7
Translocations | |  1.0
Shapeshifting  | |  0.1

Action                     |  1- 3 |  4- 6 || total
---------------------------+-------+-------++-------
  Melee: Dagger            |    24 |       ||    24
         Tailslap          |    22 |       ||    22
         Staff             |   127 |     2 ||   129
  Throw: Stone             |     8 |       ||     8
   Cast: Magic Dart        |    44 |     4 ||    48
   Stab: Sleeping          |     1 |       ||     1
 Armour: Robe              |   100 |     3 ||   103
  Dodge: Dodged            |    73 |     5 ||    78
   Form: Beast             |     1 |       ||     1
